 Dungeon Crawl Stone Soup version 0.23-b1 (webtiles) character file.

Game seed: 15443889153777321290

165 Korosensei the Grave Robber (level 5, 0/42 HPs)
             Began as a Deep Dwarf Necromancer on Jan 30, 2019.
             Slain by a gnoll shaman
             ... wielding a +0 whip
              (1 damage)
             ... on level 3 of the Dungeon.
             The game lasted 00:10:10 (3387 turns).

Korosensei the Grave Robber (DDNe)                  Turns: 3387, Time: 00:10:10

Health: 0/42       AC:  5    Str: 12    XL:     5   Next: 21%
Magic:  3/9        EV: 12    Int: 19    God:
Gold:   111        SH:  0    Dex: 13    Spells: 6/10 levels left

rFire    . . .     SeeInvis .   (no weapon)
rCold    . . .     Gourm    .   (no shield)
rNeg     . . .     Faith    .   a - +0 robe
rPois    .         Spirit   .   s - +2 hat
rElec    .         Reflect  .   t - +0 cloak
rCorr    .         Harm     .   (no gloves)
MR       .....                  (no boots)
Stlth    +.........             (no amulet)
HPRegen  0.00/turn              q - +3 ring of intelligence
MPRegen  0.11/turn              (no ring)

@: non-regenerating, glowing
A: damage resistance, heal wounds, sense surroundings 1, no regeneration
a: Heal Wounds


You were on level 3 of the Dungeon.
You were not hungry.

You visited 1 branch of the dungeon, and saw 3 of its levels.

You collected 111 gold pieces.

Inventory:

Armour
 a - a +0 robe (worn)
 l - a +0 plate armour
 o - a +0 plate armour
 s - a +2 hat (worn)
 t - a +0 cloak (worn)
 u - a scarf of repulsion
Jewellery
 h - an uncursed ring of stealth {unknown}
 n - an uncursed ring of ice {unknown}
 p - an uncursed ring of flight {unknown}
 q - a +3 ring of intelligence (left hand)
Scrolls
 b - 2 scrolls of magic mapping {unknown}
 d - 3 scrolls of identify {unknown}
 e - a scroll of amnesia {unknown}
 j - 3 scrolls of remove curse {unknown}
 k - 2 scrolls of fear {unknown}
Potions
 f - 3 potions of mutation {unknown}
 g - a potion of lignification {unknown}
 i - 2 potions of might {unknown}
 m - a potion of flight {unknown}
Comestibles
 c - 4 rations


   Skills:
 - Level 2.1 Dodging
 - Level 2.4 Stealth
 + Level 3.2 Spellcasting
 + Level 6.1 Necromancy


You had 6 spell levels left.
You knew the following spells:

 Your Spells              Type           Power        Failure   Level  Hunger
a - Pain                  Necr           ####         1%          1    None
b - Vampiric Draining     Necr           ####......   3%          3    ###....

Your spell library contained the following spells:

 Spells                   Type           Power        Failure   Level  Hunger
 Animate Skeleton         Necr           N/A          1%          1    None
 Animate Dead             Necr           N/A          12%         4    ####...
 Regeneration             Chrm/Necr      Unusable     N/A         3    N/A

Dungeon Overview and Level Annotations

Branches:
Dungeon (3/15)

Altars:
Makhleb

Annotations:
D:3 1 runed translucent door, Crazy Yiuf


Innate Abilities, Weirdness & Mutations

You are resistant to damage.
You can heal yourself by infusing magical energy.
You passively map a small area around you.
You do not regenerate.


Message History

* * * LOW HITPOINT WARNING * * *
The gnoll closely misses you. The gnoll hits you with a +0 whip.
* * * LOW HITPOINT WARNING * * *
The gnoll sergeant closely misses you.
The gnoll shaman hits you with a +0 whip!
* * * LOW HITPOINT WARNING * * *
You rip the net and break free!
The gnoll closely misses you. The gnoll barely misses you.
The gnoll shaman misses you.
The gnoll sergeant hits you from afar with a +0 spear.
The gnoll throws a throwing net.
The throwing net closely misses you.
The gnoll shaman hits you but does no damage.
The gnoll hits you with a +0 whip.
* * * LOW HITPOINT WARNING * * *
The gnoll shaman closely misses you.
The gnoll is no longer moving quickly.
The gnoll hits you but does no damage.
Your magical contamination has completely faded away.
Found 9 gold pieces.
The gnoll shaman hits you but does no damage.
The gnoll shaman hits you with a +0 whip.
You die...

####.#
#.......#.######.#
#######.# #.......#.# ,
# #.......# #####.....#
* #.(.....# #######, *,*
#......## , *###
#......# * #.. #......#
* #..
#......##############.
#.[
###...g.ggg..g@$......
###
#####.##################
...()........ ,
≈≈≈≈.g..≈≈≈≈≈ ≈≈≈ ,
≈≈≈≈.g..≈≈≈≈≈
≈≈≈≈....≈≈≈≈≈ ≈ ≈ ≈ ** ,
............. ,, , ,
####''''##### *, ≈
#....# ≈


You could see a gnoll sergeant, 2 gnoll shamans and a gnoll.

Vanquished Creatures
  4 gnolls (D:3)
  3 adders
  2 worms (D:3)
  4 dart slugs
  5 leopard geckos
  An orc (D:3)
  3 ball pythons
  4 bats
  2 giant cockroaches (D:3)
  10 goblins
  6 hobgoblins
  6 jackals (D:3)
  11 kobolds
  3 quokkas (D:3)
  2 frilled lizards
  13 rats
79 creatures vanquished.

Vanquished Creatures (others)
  A plant (D:2)
1 creature vanquished.

Grand Total: 80 creatures vanquished

Notes
Turn   | Place    | Note
-------+----------+-------------------------------------------
     0 | D:1      | Korosensei the Deep Dwarf Necromancer began the quest for
                  | the Orb.
     0 | D:1      | Reached XP level 1. HP: 15/15 MP: 3/3
   236 | D:1      | Reached XP level 2. HP: 19/22 MP: 0/4
   846 | D:2      | Reached skill level 5 in Necromancy
  1090 | D:2      | Reached XP level 3. HP: 16/28 MP: 3/6
  1173 | D:2      | Learned a level 3 spell: Vampiric Draining
  2026 | D:2      | Reached XP level 4. HP: 26/36 MP: 3/7
  2699 | D:3      | Found a burning altar of Makhleb.
  2699 | D:3      | Noticed a cacodemon
  2702 | D:3      | Noticed a smoke demon
  2702 | D:3      | Noticed a neqoxec
  2725 | D:3      | Found a runed translucent door.
  2726 | D:3      | Noticed Crazy Yiuf
  3167 | D:3      | Reached skill level 6 in Necromancy
  3262 | D:3      | Reached XP level 5. HP: 41/42 MP: 0/9
  3376 | D:3      | HP: 1/42 [gnoll/+0 whip (2)]
  3387 | D:3      | Slain by a gnoll shaman

Skill      XL: |  1  2  3  4 |
---------------+-------------+-----
Spellcasting   | 2 3 |  3.2
Necromancy     | 5 6 |  6.1
Dodging        | |  2.1
Stealth        | |  2.4

Action                   |  1- 3 |  4- 6 || total
-------------------------+-------+-------++-------
Melee: Unarmed           |     9 |    10 ||    19
 Cast: Pain              |    67 |    68 ||   135
       Vampiric Draining |     7 |    12 ||    19
  Eat: Chunk             |     5 |     5 ||    10
Armor: Robe              |    12 |    26 ||    38
Dodge: Dodged            |    37 |    62 ||    99
